 Dungeon Crawl Stone Soup version 0.31.0-12-g77e489cdc1 (webtiles) character file.

Game seed: 13877827541842817152

67 Arctor the Digger (level 4, -4/24 HPs)
             Began as a Gargoyle Earth Elementalist on Feb 22, 2024.
             Slain by Terence
             ... wielding a +0 hand axe
              (8 damage)
             ... on level 2 of the Dungeon.
             The game lasted 00:01:21 (1450 turns).

Arctor the Digger (Gargoyle Earth Elementalist)     Turns: 1450, Time: 00:01:22

Health: -4/24      AC:  5    Str: 11    XL:     4   Next: 16%
Magic:  0/7        EV: 12    Int: 18    God:
Gold:   72         SH:  0    Dex: 10    Spells: 7/8 levels left

rFire   . . .        i - +0 dagger
rCold   + . .        (no shield)
rNeg    + . .        a - +0 robe
rPois   ∞            (no helmet)
rElec   +            (no cloak)
rCorr   .            (no gloves)
SInv    .            (no boots)
Will    .....        (no amulet)
Stlth   ++           g - ring of protection from cold
HPRegen 0.24/turn    (no ring)
MPRegen 0.10/turn

%: no passive effects
@: no status effects
A: sickness immunity, AC +3, negative energy resistance 1, electricity
resistance, torment resistance 1, petrification resistance
a: no special abilities


You were on level 2 of the Dungeon.
You visited 1 branch of the dungeon, and saw 2 of its levels.

You collected 72 gold pieces.

Inventory:

Hand Weapons
 i - a +0 dagger (weapon)
Armour
 a - a +0 robe (worn)
Jewellery
 g - a ring of protection from cold (left hand)
Scrolls
 c - a scroll of butterflies {unknown}
 e - 2 scrolls of identify {unknown}
 f - a scroll of poison {unknown}
 h - a scroll of blinking {unknown}
 j - a scroll of acquirement {unknown}
 k - a scroll of enchant armour {unknown}
 l - a scroll of teleportation {unknown}
Potions
 b - a potion of magic
 d - a potion of curing


   Skills:
 + Level 2.1 Dodging
 + Level 2.9 Stealth
 + Level 2.5 Spellcasting
 + Level 2.0 Conjurations
 + Level 4.2 Earth Magic


You had 7 spell levels left.
You knew the following spells:

 Your Spells              Type           Power      Damage    Failure   Level
a - Sandblast             Erth           34%        2d9       3%          1

Your spell library contained the following spells:

 Spells                   Type           Power      Damage    Failure   Level
 Passwall                 Erth           17%        N/A       10%         3
 Stone Arrow              Conj/Erth      26%        3d8       14%         3
 Brom's Barrelling Bould  Conj/Erth      13%        2d4       43%         4
 Inner Flame              Hex/Fire       2%         N/A       45%         3
 Petrify                  Alch/Erth      9%         N/A       58%         4
 Irradiate                Conj/Alch      2%         3d12      97%         5
 Ignition                 Fire           1%         3d3       100%        8


Dungeon Overview and Level Annotations

Branches:
Dungeon (2/15)

Altars:

Annotations:
D:2 Terence


Innate Abilities, Weirdness & Mutations

You are immune to sickness and miasma.
Your stone body is resilient. (AC +3)
You are immune to poison.
You resist negative energy. (rN+)
You are resistant to electric shocks. (rElec)
You are resistant to unholy torment.
You are immune to petrification.


Message History

You see here a +0 dagger.
i - a +0 dagger (weapon)
Casting: Sandblast (safe; 3% risk of failure)
Confirm with . or Enter, or press ? or * to list all spells.
Aiming: Sandblast (safe; 3% risk of failure)
Press: ? - help, Shift-Dir - straight line, f/p - Terence
Aim: Terence, wielding a +0 hand axe and wearing a +0 scale mail (severely wounded, 84% to hit)
The blast of sand hits Terence.
Terence is almost dead.
Terence shouts, "Get ready for death!"
Terence hits you with a +0 hand axe. x2
You hit Terence but do no damage.
Terence is almost dead.
Terence looks scornfully at you. Terence hits you with a +0 hand axe.
There is an escape hatch in the floor here.
Casting: Sandblast (safe; 3% risk of failure)
Confirm with . or Enter, or press ? or * to list all spells.
Aiming: Sandblast (safe; 3% risk of failure)
Press: ? - help, Shift-Dir - straight line, f/p - Terence
Aim: Terence, wielding a +0 hand axe and wearing a +0 scale mail (almost dead, 84% to hit)
The blast of sand hits Terence.
Terence is almost dead.
Terence hits you with a +0 hand axe!
* * * LOW HITPOINT WARNING * * *
Terence hits you with a +0 hand axe.
* * * LOW HITPOINT WARNING * * *
Terence looks scornfully at you. Terence attacks as he pursues you!
Terence barely misses you.
Found 9 gold pieces.
Casting: Sandblast (safe; 3% risk of failure)
Confirm with . or Enter, or press ? or * to list all spells.
Aiming: Sandblast (safe; 3% risk of failure)
Press: ? - help, Shift-Dir - straight line, f/p - Terence
Aim: Terence, wielding a +0 hand axe and wearing a +0 scale mail (almost dead, 84% to hit)
The blast of sand hits Terence but does no damage.
Terence is almost dead.
Terence hits you with a +0 hand axe!
You die...
Terence says, "That felt goooood."

.#.###......... ##.. #.##
#.###.#.####.#.. .... .#.# #.#
......#.#.# #..
#.####.####.......#.# #..
###........#..#.#..$# #.8
#....##.........#.# ###### #..
###........)........# #....# ###
........>.....##....####.#..#####
#.######........@@..w......>.....
#.######..#..#########.#.....####
#...............#... #.###.#.#
##.#####..#####.# #.##...#.#.#
............# . #......#.#.#
.#..........# ###....#<..#.#
.##...#####.#####.##.#.#.###.#
..+....# #.....#..(.#.#.# ..#
###...)# #...#.#.####.### ###


You could see Terence and a dart slug.

Vanquished Creatures
  Jessica (D:2)
  2 dart slugs
  A ball python (D:1)
  2 bats
  6 endoplasms
  A giant cockroach (D:1)
  6 goblins
  A hobgoblin (D:1)
  4 quokkas
  3 frilled lizards
  2 kobolds (D:1)
  4 rats
33 creatures vanquished.

Notes
Turn   | Place    | Note
-------+----------+-------------------------------------------
     0 | D:1      | Arctor the Gargoyle Earth Elementalist began the quest for
                  | the Orb.
     0 | D:1      | Reached XP level 1. HP: 10/10 MP: 3/3
   115 | D:1      | Reached XP level 2. HP: 15/15 MP: 0/5
   563 | D:1      | Reached XP level 3. HP: 19/19 MP: 3/6
   674 | D:1      | Reached skill level 4 in Earth Magic
  1085 | D:2      | Noticed Jessica
  1090 | D:2      | Killed Jessica
  1091 | D:2      | Reached XP level 4. HP: 24/24 MP: 4/7
  1186 | D:2      | Found a faded altar of an unknown god.
  1409 | D:2      | Noticed Terence
  1450 | D:2      | Slain by Terence

Illustrated notes

Levels and vault maps discovered:
D:1:      reono_arrival_mine, layout_loops_ring
D:2:      layout_basic, ebering_ecumenical_altar_sacrificial, minivault_25,
          minivault_24, minmay_misc_feat_four_crosses, uniq_terence,
          uniq_jessica, uniq_crazy_yiuf_cottage

Skill      XL: |  1  2  3 |
---------------+----------+-----
Earth Magic    | 4 |  4.2
Dodging        | 2 |  2.1
Conjurations   | 2 |  2.0
Stealth        | |  2.9
Spellcasting   | |  2.5

Action                     |  1- 3 |  4- 6 || total
---------------------------+-------+-------++-------
  Melee: Unarmed           |     3 |     7 ||    10
         Dagger            |       |     1 ||     1
   Cast: Sandblast         |    36 |    17 ||    53
    Use: Potion            |       |     2 ||     2
   Stab: Sleeping          |       |     1 ||     1
 Armour: Robe              |     1 |    22 ||    23
  Dodge: Dodged            |     7 |    14 ||    21
